 Dungeon Crawl Stone Soup version 0.20-a0-1126-g0f15420 (webtiles) character file.

35 HAL9000 the Skirmisher (level 3, -11/39 HPs)
             Began as an Ogre Hunter on May 17, 2017.
             Mangled by Sigmund
             ... wielding a +0 scythe
              (12 damage)
             ... on level 2 of the Dungeon.
             The game lasted 00:02:40 (1114 turns).

HAL9000 the Skirmisher (Ogre Hunter)                Turns: 1114, Time: 00:02:41

Health: -11/39     AC:  3    Str: 17    XL:     3   Next: 35%
Magic:  12/12      EV: 10    Int: 12    God:
Gold:   87         SH:  0    Dex:  9    Spells: 2/2 levels left

rFire    . . .     SeeInvis .   q - +0 whip
rCold    . . .     Gourm    .   (no shield)
rNeg     . . .     Faith    .   b - +0 robe
rPois    .         Spirit   .   (helmet restricted)
rElec    .         Reflect  .   (no cloak)
rCorr    .         Harm     .   (gloves unavailable)
MR       .....                  (boots unavailable)
Stlth    +.........             (no amulet)
Regen    0.2/turn               h - ring of magical power
MPRegen  0.2/turn               (no ring)

@: no status effects
A: unfitting armour, tough skin 1
a: no special abilities


You were on level 2 of the Dungeon.
You were not hungry.

You visited 1 branch of the dungeon, and saw 2 of its levels.

You collected 87 gold pieces.

Inventory:

Hand Weapons
 q - a +0 whip (weapon)
Missiles
 c - 5 large rocks (quivered)
 d - 2 throwing nets
Armour
 b - a +0 robe (worn)
Jewellery
 h - a ring of magical power (left hand)
Scrolls
 g - 2 scrolls of magic mapping {unknown}
 i - a scroll of enchant armour {unknown}
 k - 3 scrolls of identify {unknown}
 o - a scroll of teleportation {unknown}
Potions
 r - a potion of curing {unknown}
 t - a potion of agility {unknown}
Comestibles
 f - 3 bread rations
 j - a royal jelly
 p - a meat ration


   Skills:
 - Level 4.2 Fighting
 + Level 1.3 Maces & Flails
 - Level 4.0 Throwing
 - Level 1.7 Dodging
 - Level 0.6 Stealth


You had 2 spell levels left.
You didn't know any spells.

Dungeon Overview and Level Annotations

Branches:
Dungeon (2/15)

Altars:
Hepliaklqana
Xom

Annotations:
D:2 Sigmund


Innate Abilities, Weirdness & Mutations

You are too large for most types of armour.
You have tough skin. (AC +1)


Message History

You hit the giant cockroach.
The giant cockroach is almost dead.
The giant cockroach bites you but does no damage.
Sigmund hits you from afar with a scythe.
* * * LOW HITPOINT WARNING * * *
The giant cockroach bites you but does no damage.
You hit the giant cockroach but do no damage.
The giant cockroach is almost dead.
The giant cockroach bites you but does no damage.
Sigmund hits you but does no damage.
The giant cockroach completely misses you.
The giant cockroach bites you but does no damage.
Sigmund hits you from afar with a scythe.
* * * LOW HITPOINT WARNING * * *
You feel less wooden.
Your +0 robe unmelds from your body.
The giant cockroach barely misses you. The giant cockroach bites you.
* * * LOW HITPOINT WARNING * * *
Sigmund hits you from afar with a scythe!
You die...

Z##.+..# #.#.#
#...........#. ## ##.#
#.#.# ####..........
#.# #.#)###
#..#####.## #.#
#.....##### #..# .#
###.......# ##..#
###.###.# #...# #.#
#.###...###
#@###.#.......#
#..@s.........#
......................
##############........
#...##### #####


You could see Sigmund and a giant cockroach.

Vanquished Creatures
  A leopard gecko (D:1)
  3 giant cockroaches
  6 hobgoblins
  2 jackals (D:2)
  2 ball pythons (D:2)
  4 bats
  3 frilled lizards (D:1)
  4 goblins
  5 kobolds
  A rat (D:1)
31 creatures vanquished.

Notes
Turn   | Place    | Note
-------+----------+-------------------------------------------
     0 | D:1      | HAL9000 the Ogre Hunter began the quest for the Orb.
     0 | D:1      | Reached XP level 1. HP: 22/22 MP: 1/1
   100 | D:1      | Reached XP level 2. HP: 32/32 MP: 2/2
   478 | D:2      | Reached XP level 3. HP: 38/39 MP: 3/3
   514 | D:2      | Reached skill level 1 in Maces & Flails
  1051 | D:2      | Found a hazy altar of Hepliaklqana.
  1051 | D:2      | Noticed Sigmund
  1053 | D:2      | Found a shimmering altar of Xom.
  1113 | D:2      | HP: 1/39 [giant cockroach (1)]
  1114 | D:2      | Mangled by Sigmund

Vault maps used:
D:1:      lightli_arrival_boilingwater, minmay_pentomino_w2
D:2:      regret_index_temple_of_mockery, first_bread, uniq_sigmund

Skill      XL: |  1  2  3 |
---------------+----------+-----
Fighting       | 3 4 |  4.2
Maces & Flails | 1 |  1.3
Throwing       | |  4.0
Dodging        | |  1.7
Stealth        | |  0.6

Action                   || total
-------------------------++-------
Melee: Short sword       ||    93
       Whip              ||    21
Throw: Large rock        ||     4
  Use: Potion            ||     1
 Stab: Sleeping          ||     1
  Eat: Chunk             ||     1
Armor: Robe              ||    38
       Skin              ||    24
Dodge: Dodged            ||    65
